 Dungeon Crawl Stone Soup version 0.26-a0-753-g4680b4fa2e (webtiles) character file.

Game seed: 10170920374080360837

293970 Queen the Slayer (level 20, -2/139 HPs)
             Began as a Gargoyle Fighter on Nov 7, 2020.
             Was the Champion of Ashenzari.
             Killed from afar by a hellion (35 damage)
             ... with damnation
             ... in a wizard's laboratory.
             The game lasted 02:32:02 (43721 turns).

Queen the Slayer (Gargoyle Fighter)                Turns: 43721, Time: 02:32:03

Health: -2/139     AC: 49    Str: 29    XL:     20   Next: 84%
Magic:  20/20      EV:  7    Int:  9    God:    Ashenzari [******]
Gold:   1969       SH: 14    Dex:  9    Spells: 19/19 levels left

rFire    + . .     SeeInvis +   a - +9 morningstar (vorpal) (curse)
rCold    + . .     Faith    .   c - +0 kite shield (curse)
rNeg     + + .     Spirit   .   v - +2 gold dragon scales (curse)
rPois    ∞         Reflect  .   A - +0 helmet (curse)
rElec    +         Harm     .   m - scarf {repulsion} (curse)
rCorr    .         Rampage  .   w - +0 pair of gloves (curse)
MR       +++++     Clarity  +   k - +1 pair of boots (curse) Stlth ..........Rnd*Tele +
                                X - amulet of the Four Winds {rN+ MR+++ Clar} (curse)
HPRegen  0.33/turn              P - ring "Jophuahe" {rElec MR+ Slay+3 SInv} (curse)
MPRegen  0.17/turn              O - ring of protection from magic (curse)

@: flying, repel missiles
A: big wings, icy blue scales 1, frail 1, negative energy resistance 1,
electricity resistance, teleportitis 1, unbreathing, petrification resistance,
rot immunity, AC +15
}: 2/15 runes: decaying, barnacled
a: Stop Flying, Curse Item, Scrying, Transfer Knowledge, Renounce Religion


You were in a wizard's laboratory.
You worshipped Ashenzari.
Ashenzari was exalted by your worship.
You visited 7 branches of the dungeon, and saw 35 of its levels.
You also visited: Ice Cave and Wizlab.

You collected 4506 gold pieces.
You spent 2537 gold pieces at shops.

Inventory:

Hand Weapons
 a - a cursed +9 vorpal morningstar (weapon)
 H - a +3 demon whip of venom
Armour
 b - a +2 pair of boots of stealth
 c - a cursed +0 kite shield (worn)
 k - a cursed +1 pair of boots (worn)
 m - a cursed scarf of repulsion (worn)
 v - cursed +2 gold dragon scales (worn)
 w - a cursed +0 pair of gloves (worn)
 A - a cursed +0 helmet (worn)
 G - a +2 helmet
 V - the +2 cloak "Omenaedame" {*Drain rPois rF- rN+++ SInv}
   (You found it in a wizard's laboratory)

   It makes you vulnerable to fire.
   It protects you from poison.
   It renders you almost immune to negative energy.
   It lets you see invisible.
   It causes draining when unequipped.
Jewellery
 s - the cursed necklace of Bloodlust {*Rage +Rage MR++ Int-3 Slay+6 *Curse}
   (You took it off a deep elf mage on level 3 of the Elven Halls)

   [amulet of nothing]

   It affects your intelligence (-3).
   It affects your accuracy and damage with ranged weapons and melee attacks
   (+6).
   It affects your resistance to hostile enchantments.
   It lets you go berserk.
   It may make you go berserk in combat.
   It curses itself when equipped.
   It has a curse placed upon it.
 O - a cursed ring of protection from magic (right hand)
 P - the cursed ring "Jophuahe" (left hand) {rElec MR+ Slay+3 SInv}
   (You found it in an ice cave)

   [ring of protection from magic]

   It affects your accuracy and damage with ranged weapons and melee attacks
   (+3).
   It insulates you from electricity.
   It affects your resistance to hostile enchantments.
   It lets you see invisible.
   It has a curse placed upon it.
 R - the amulet "Sisyemac" {Spirit rF+ Dex+4}
   (You took it off a spriggan on level 15 of the Dungeon)

   [amulet of guardian spirit]

   It causes incoming damage to be split between your health and magic.
   It affects your dexterity (+4).
   It protects you from fire.
 T - an uncursed ring of fire
 U - the ring "Taxetuil" {rC+ Str+3 Int-4 Stlth-}
   (You found it in a wizard's laboratory)

   [ring of attention]

   It affects your strength (+3).
   It affects your intelligence (-4).
   It protects you from cold.
   It makes you less stealthy.
 X - the cursed amulet of the Four Winds (around neck) {rN+ MR+++ Clar}
   (You found it on level 4 of the Shoals)

   [amulet of nothing]

   It protects you from negative energy.
   It affects your resistance to hostile enchantments.
   It protects you against confusion.
   It has a curse placed upon it.
Wands
 t - a wand of disintegration (17)
 y - a wand of digging (6)
 F - a wand of paralysis (19)
 Q - a wand of acid (9)
 S - a wand of random effects (11)
Scrolls
 f - 7 scrolls of remove curse
 g - 5 scrolls of teleportation
 h - 6 scrolls of immolation
 i - 7 scrolls of magic mapping
 j - 4 scrolls of fear
 o - 3 scrolls of fog
 u - 4 scrolls of amnesia
 B - 5 scrolls of holy word
 E - 9 scrolls of blinking
 J - 8 scrolls of enchant weapon
 K - 2 scrolls of summoning
 L - 13 scrolls of identify {@r1}
Potions
 d - 4 potions of might
 e - 3 potions of berserk rage
 l - 7 potions of flight
 n - 4 potions of brilliance
 p - 19 potions of curing
 q - 2 potions of magic
 r - 5 potions of cancellation
 x - 4 potions of heal wounds
 z - 9 potions of attraction
 C - 7 potions of haste
 D - 8 potions of lignification
 I - 4 potions of ambrosia
 M - 4 potions of invisibility
 N - 2 potions of resistance


   Skills:
 * Level 26.1 Fighting
 + Level 17.2(21.0) Maces & Flails
 - Level 16.1(21.2) Armour
 - Level 12.3(15.0) Shields


You had 19 spell levels left.
You didn't know any spells.
Your spell library contained the following spells:

 Spells                   Type           Power        Failure   Level
 Beastly Appendage        Tmut           #.....       96%         1
 Corona                   Hex            #......      96%         1
 Foxfire                  Conj/Fire      #...         96%         1
 Freeze                   Ice            #...         96%         1
 Magic Dart               Conj           #...         96%         1
 Sandblast                Erth           #.....       96%         1
 Shock                    Conj/Air       #...         96%         1
 Sting                    Tmut/Pois      #...         96%         1
 Summon Small Mammal      Summ           #...         96%         1
 Call Imp                 Summ           #.......     99%         2
 Ensorcelled Hibernation  Hex/Ice        #.....       99%         2
 Passwall                 Tmut/Erth      #.......     99%         2
 Poisonous Vapours        Pois/Air       #.....       99%         2
 Searing Ray              Conj           #.....       99%         2
 Wereblood                Tmut           #.......     99%         2
 Call Canine Familiar     Summ           #.......     100%        3
 Confusing Touch          Hex            #.......     100%        3
 Conjure Flame            Conj/Fire      #.......     100%        3
 Dazzling Flash           Conj/Hex       #.....       100%        3
 Frozen Ramparts          Ice            #.....       100%        3
 Ignite Poison            Fire/Tmut/Pois #.......     100%        3
 Inner Flame              Hex/Fire       #.......     100%        3
 Mephitic Cloud           Conj/Pois/Air  #.......     100%        3
 Ozocubu's Armour         Ice            #.......     100%        3
 Spider Form              Tmut/Pois      #.........   100%        3
 Stone Arrow              Conj/Erth      #.....       100%        3
 Summon Guardian Golem    Hex/Summ       #.......     100%        3
 Tukima's Dance           Hex            #.......     100%        3
 Animate Dead             Necr           #.........   100%        4
 Fulminant Prism          Conj/Hex       #.........   100%        4
 Hailstorm                Conj/Ice       #.......     100%        4
 Ice Form                 Ice/Tmut       #.......     100%        4
 Iskenderun's Mystic Bla  Conj/Tloc      #.......     100%        4
 Olgreb's Toxic Radiance  Pois           #.......     100%        4
 Petrify                  Tmut/Erth      #.......     100%        4
 Sticky Flame             Conj/Fire      #.......     100%        4
 Summon Ice Beast         Ice/Summ       #.......     100%        4
 Summon Lightning Spire   Summ/Air       #.......     100%        4
 Agony                    Necr           #.......     100%        5
 Blade Hands              Tmut           #.........   100%        5
 Fireball                 Conj/Fire      #.........   100%        5
 Irradiate                Conj/Tmut      #.........   100%        5
 Iskenderun's Battlesphe  Conj           #.......     100%        5
 Lee's Rapid Deconstruct  Erth           #.........   100%        5
 Silence                  Hex/Air        #.........   100%        5
 Summon Demon             Summ           #.........   100%        5
 Summon Mana Viper        Hex/Summ       #.......     100%        5
 Death Channel            Necr           #.........   100%        6
 Eringya's Noxious Bog    Tmut/Pois      #.........   100%        6
 Freezing Cloud           Conj/Ice/Air   #.........   100%        6
 Hydra Form               Tmut           #.........   100%        6
 Shadow Creatures         Summ           N/A          100%        6
 Dragon Form              Tmut           #.........   100%        7
 Malign Gateway           Summ/Tloc      #.........   100%        7
 Dragon's Call            Summ           #.........   100%        9
 Statue Form              Tmut/Erth      Unusable     N/A         6

Dungeon Overview and Level Annotations

Branches:
Dungeon (15/15)            Temple (0/1) D:7            Lair (6/6) D:10
  Swamp (4/4) Lair:3       Shoals (4/4) Lair:3        Slime (0/5) Lair:6
    Orc (2/2) D:9             Elf (3/3) Orc:2        Vaults (0/5) D:14
 Depths (1/5) D:15          IceCv (visited)          WizLab (1/1)
  Snake: Lair:2-4    Spider: Lair:2-4

Altars:
Ashenzari
Dithmenos
Fedhas
Hepliaklqana
Kikubaaqudgha
Qazlal
Sif Muna
Xom
Zin
The Shining One
Beogh

Shops:
D:6 *(   D:15 =?(   Orc:1 *   Orc:2 [(([   Elf:1 =   Elf:2 *=}[   Shoals:4 *

Portals:
Trove: D:12 (give 2 scrolls of acquirement)

Annotations:
D:14 2 transporters, Qeteel's ghost, journeyman DrTm
Lair:6 exclusion: 3 oklob plants


Innate Abilities, Weirdness & Mutations

You are resistant to torment.
Your stone body is resilient. (AC +15)
You are immune to poison.
Your large and strong wings let you fly indefinitely.
You resist negative energy. (rN+)
You are resistant to electric shocks. (rElec)
You can survive without breathing.
You are immune to petrification.
You are immune to rotting.
You are partially covered in icy blue scales. (AC +2)
You are frail. (-10% HP)
You are occasionally teleported next to monsters.


Message History

The lorocyproca is heavily wounded.
The lorocyproca barely misses you.
You hit the lorocyproca.
The lorocyproca is heavily wounded.
You block the lorocyproca's attack.
You pound the lorocyproca like an anvil!!!
You kill the lorocyproca!
You hear a hideous shriek!
You see here 21 stones.
Okay, then.
The hellion gestures at you.
The sphere of damnation explodes!
The damnation engulfs you!!
You see here the +2 cloak "Omenaedame" {*Drain rPois rF- rN+++ SInv}.
V - the +2 cloak "Omenaedame" {*Drain rPois rF- rN+++ SInv} The hellion gestures at you.
The sphere of damnation explodes!
The damnation engulfs you!!
* * * LOW HITPOINT WARNING * * *
The hellion gestures at you.
The sphere of damnation explodes!
The damnation engulfs you!!
You die...

##.....##8 #....
#.....##.. ,.##...
##....2.... ......
#..........,,......
#...........,......
##........... ......
#.......##...,.##...
#[.......##8 8 #....
##).@......#***#.....
#8(./........,,......
#############**######


You could see a hellion.

Vanquished Creatures
  Mara (Swamp:4)
  Nikola (Elf:3)
  A Hellbinder (WizLab)
  Rupert (Orc:2)
  3 deep elf blademasters
  2 deep elf master archers (Elf:3)
  2 krakens (Shoals:4)
  A tentacled monstrosity (Swamp:4)
  Frances (Swamp:2)
  Kirke (D:15)
  Ilsuiw (Shoals:3)
  A fire giant (D:15)
  6 deep elf sorcerers
  Aizul (Shoals:4)
  2 frost giants (D:15)
  2 orc warlords
  2 deep elf elementalists (Elf:3)
  A very ugly thing (Swamp:4)
  A lorocyproca (WizLab)
  8 deep elf demonologists (Elf:3)
  7 deep elf annihilators
  6 dire elephants (Lair:6)
  3 bunyips
  A blizzard demon (WizLab)
  3 green deaths
  2 merfolk javelineers
  2 ettins (D:15)
  4 eleionomae
  6 merfolk impalers
  A shambling mangrove (Swamp:3)
  8 deep elf death magi (Elf:3)
  3 deep elf high priests (Elf:3)
  A great orb of eyes (Depths:1)
  2 ice dragons (IceCv)
  A rakshasa (D:14)
  19 hydras
  2 boulder beetles
  4 vault guards (D:15)
  A ghost crab (Swamp:3)
  Erica (D:9)
  5 merfolk aquamancers
  An anaconda (Lair:6)
  A catoblepas (Lair:4)
  3 merfolk avatars (Shoals:4)
  4 centaur warriors
  A death knight (D:15)
  2 satyrs (Shoals:4)
  3 two-headed ogres
  A small abomination (Elf:3)
  34 dancing weapons
  3 alligators
  5 death yaks (D:10)
  A thrashing horror (Swamp:4)
  Urug (D:13)
  A tengu warrior (D:15)
  17 deep elf knights
  3 orc high priests (Orc:2)
  Sonja (Orc:2)
  2 sixfirhies (WizLab)
  2 unseen horrors
  8 swamp dragons
  A skeletal warrior (D:15)
  A flayed ghost (D:15)
  A spriggan druid (Swamp:1)
  14 sea snakes
  21 deep elf archers
  8 bog bodies
  22 harpies
  A wizard (D:10)
  3 orc knights
  A wolf spider zombie (D:15)
  6 ugly things
  4 will-o-the-wisps
  57 deep elf magi
  13 manticores
  2 orc sorcerers
  13 cyclopes
  Joseph (D:9)
  12 merfolk sirens
  9 elephants (Lair:6)
  2 rust devils (WizLab)
  Maurice (D:8)
  Psyche (D:9)
  4 orange demons (Swamp:4)
  3 water nymphs
  2 naga magi (D:15)
  11 black mambas
  A cane toad (shapeshifter) (D:15)
  2 gargoyles
  2 ice statues (IceCv)
  2 torpor snails
  16 cane toads
  5 kobold demonologists
  2 hellions (WizLab)
  7 rime drakes
  A tormentor (WizLab)
  A yaktaur (D:15)
  An efreet (D:15)
  A freezing wraith (D:15)
  5 komodo dragons
  A tengu conjurer (Depths:1)
  An ice devil (WizLab)
  28 merfolk
  A queen bee (Lair:2)
  3 trolls
  3 wind drakes
  7 hornets
  20 blink frogs
  15 slime creatures
  5 tyrant leeches (Swamp:2)
  5 dream sheep
  10 snapping turtles
  A centaur simulacrum (D:15)
  2 shadows
  2 air elementals (Elf:1)
  9 spriggans
  13 water elementals
  A human (D:9)
  2 fire elementals
  40 yaks
  A hog (shapeshifter) (D:15)
  4 wraiths
  4 hogs (D:15)
  Eustachio (D:4)
  8 wyverns
  7 basilisks
  A redback simulacrum (D:15)
  5 wargs
  14 vampire mosquitoes
  4 insubstantial wisps (Lair:3)
  3 large abominations
  2 acid dragons
  2 nagas (D:15)
  18 swamp worms
  30 water moccasins
  5 floating eyes
  38 orc warriors
  3 swamp drakes (Swamp:2)
  5 black bears
  4 sky beasts
  17 ice beasts
  An eye of draining (D:11)
  2 necrophages
  3 phantoms
  11 ogres
  11 centaurs
  3 wolves (Lair:4)
  2 big kobolds
  15 bullfrogs
  A wyvern zombie (D:12)
  3 earth elementals
  5 scorpions
  29 killer bees
  2 electric eels (D:14)
  10 wights
  2 howler monkeys
  2 bullfrog zombies
  6 centaur zombies
  3 jellies
  A gnoll shaman (D:5)
  4 bullfrog skeletons
  7 hounds
  22 orc priests
  29 orc wizards
  7 centaur skeletons
  Ijyb (D:5)
  5 iguanas
  Natasha (twice) (D:4)
  13 worker ants
  A hound zombie (D:5)
  A hound skeleton (D:4)
  A howler monkey skeleton (D:5)
  12 gnolls
  13 adders
  4 white imps
  3 ufetubi
  An ooze (D:2)
  3 adder zombies
  2 adder skeletons
  3 worms
  5 leopard geckos
  110 orcs
  A ball python (D:1)
  8 bats
  4 giant cockroaches
  14 hobgoblins
  16 jackals
  17 kobolds
  8 quokkas
  4 frilled lizards
  9 goblins
  A jackal skeleton (D:4)
  3 leopard gecko skeletons
  A quokka zombie (D:5)
  3 rats
  5 tentacles (Shoals:4)
1275 creatures vanquished.

Vanquished Creatures (others)
  An eleionoma (Swamp:3)
  2 bloated husks
  A tyrant leech (Swamp:3)
  2 humans (D:15)
  A swamp drake (Swamp:2)
  7 foxfires
  7 fungi
  67 plants
  16 tentacles (Shoals:4)
104 creatures vanquished.

Grand Total: 1379 creatures vanquished

Notes
Turn   | Place    | Note
-------+----------+-------------------------------------------
     0 | D:1      | Queen the Gargoyle Fighter began the quest for the Orb.
     0 | D:1      | Reached XP level 1. HP: 14/14 MP: 1/1
   112 | D:1      | Reached XP level 2. HP: 19/19 MP: 2/2
   383 | D:1      | Reached XP level 3. HP: 21/23 MP: 3/3
   398 | D:1      | You fall into a shaft and drop 1 floor!
   690 | D:2      | Reached XP level 4. HP: 22/29 MP: 4/4
  1352 | D:3      | Reached skill level 4 in Fighting
  1352 | D:3      | Reached XP level 5. HP: 30/33 MP: 5/5
  1626 | D:3      | Found a broken altar of Ashenzari.
  2020 | D:3      | Found a glowing silver altar of Zin.
  2183 | D:4      | Noticed Eustachio
  2210 | D:4      | Killed Eustachio
  2210 | D:4      | Reached XP level 6. HP: 32/39 MP: 6/6
  2247 | D:4      | Found a shadowy altar of Dithmenos.
  2311 | D:3      | Became a worshipper of Ashenzari the Shackled
  2504 | D:4      | Reached skill level 5 in Maces & Flails
  2638 | D:4      | Reached XP level 7. HP: 43/44 MP: 7/7
  2685 | D:4      | Reached skill level 5 in Fighting
  2729 | D:4      | Reached skill level 5 in Armour
  2817 | D:4      | Found a glowing golden altar of the Shining One.
  2817 | D:4      | Found an ancient bone altar of Kikubaaqudgha.
  2817 | D:4      | Found a shimmering blue altar of Sif Muna.
  3126 | D:4      | Noticed Natasha
  3149 | D:4      | Killed Natasha
  3172 | D:4      | Noticed Natasha
  3183 | D:4      | Killed Natasha
  3360 | D:5      | Entered Level 5 of the Dungeon
  3611 | D:5      | Found a stormy altar of Qazlal.
  3617 | D:5      | Noticed an air elemental
  3617 | D:5      | Noticed a fire elemental
  3618 | D:5      | Noticed a water elemental
  3635 | D:5      | Found a shimmering altar of Xom.
  3636 | D:5      | Found a hazy altar of Hepliaklqana.
  3637 | D:5      | Noticed a spectral ugly thing
  3743 | D:5      | Noticed Ijyb
  3779 | D:5      | Killed Ijyb
  3892 | D:5      | Reached XP level 8. HP: 51/51 MP: 8/8
  4076 | D:5      | Identified Wahu Fagoem's Compendium of the Frostbite and
                  | the Arsonist
  4242 | D:5      | Reached skill level 6 in Fighting
  4474 | D:6      | Found Omuiq's General Store.
  4598 | D:6      | Reached * piety under Ashenzari
  5185 | D:6      | Found Pilok's Antique Weapon Shop.
  5358 | D:7      | Found a blossoming altar of Fedhas.
  5510 | D:7      | Reached XP level 9. HP: 50/56 MP: 9/9
  5661 | D:7      | Reached skill level 7 in Fighting
  5732 | D:7      | Found a staircase to the Ecumenical Temple.
  5786 | D:7      | Reached ** piety under Ashenzari
  5868 | D:7      | Found a glowing golden altar of the Shining One.
  6368 | D:8      | Noticed Maurice
  6396 | D:8      | Killed Maurice
  6477 | D:8      | Noticed a gargoyle
  6484 | D:8      | Killed a gargoyle
  6484 | D:8      | Reached skill level 8 in Fighting
  6687 | D:8      | Reached XP level 10. HP: 64/64 MP: 10/10
  6783 | D:8      | Noticed a two-headed ogre
  6806 | D:8      | Killed a two-headed ogre
  6806 | D:8      | Reached skill level 9 in Fighting
  7168 | D:8      | Reached skill level 5 in Shields
  7194 | D:8      | Noticed a two-headed ogre
  7219 | D:8      | Killed a two-headed ogre
  7557 | D:9      | Noticed Joseph
  7579 | D:9      | Killed Joseph
  7579 | D:9      | Reached skill level 10 in Fighting
  7592 | D:9      | Reached *** piety under Ashenzari
  7805 | D:9      | Noticed Psyche
  7815 | D:9      | Killed Psyche
  8124 | D:8      | Reached XP level 11. HP: 67/73 MP: 11/11
  8338 | D:9      | Found a staircase to the Orcish Mines.
  8340 | D:9      | Noticed Erica
  8376 | D:9      | Killed Erica
  8376 | D:9      | Reached skill level 11 in Fighting
  8835 | D:10     | Entered Level 10 of the Dungeon
  8957 | D:10     | Reached **** piety under Ashenzari
  9456 | D:10     | Found a staircase to the Lair.
  9458 | D:10     | Noticed a death yak
  9462 | D:10     | Noticed a death yak
  9462 | D:10     | Noticed a death yak
  9501 | D:10     | Noticed a death yak
  9501 | D:10     | Noticed a death yak
  9528 | D:10     | Killed a death yak
  9531 | D:10     | Killed a death yak
  9531 | D:10     | Reached skill level 10 in Armour
  9788 | D:10     | Killed a death yak
  9943 | D:10     | Gained mutation: You are occasionally teleported next to
                  | monsters. [potion of mutation]
  9943 | D:10     | Gained mutation: You are partially covered in icy blue
                  | scales. (AC +2) [potion of mutation]
  9969 | D:10     | Killed a death yak
  9969 | D:10     | Reached skill level 12 in Fighting
 10630 | D:10     | Killed a death yak
 11520 | D:10     | Noticed a wizard
 11528 | D:10     | Killed a wizard
 11528 | D:10     | Reached skill level 10 in Maces & Flails
 11699 | D:10     | Reached XP level 12. HP: 79/82 MP: 12/12
 12045 | D:11     | Reached ***** piety under Ashenzari
 12103 | D:10     | Reached skill level 13 in Fighting
 12614 | D:12     | Found a portal to a secret trove of treasure.
 12931 | D:12     | Noticed a boulder beetle
 12962 | D:12     | Killed a boulder beetle
 13201 | D:12     | Noticed a five-headed hydra
 13216 | D:12     | Killed a five-headed hydra
 13432 | Lair:1   | Entered Level 1 of the Lair of Beasts
 13558 | Lair:1   | Reached XP level 13. HP: 88/89 MP: 13/13
 13689 | Lair:1   | Reached skill level 14 in Fighting
 14647 | Lair:2   | Identified the cursed +1 war axe of Truth {drain, *Slow
                  | +Blink rF++}
 15193 | Lair:3   | Found a staircase to the Swamp.
 15252 | Lair:3   | Reached skill level 10 in Shields
 15750 | Lair:3   | Reached skill level 15 in Fighting
 15907 | Lair:3   | Found a staircase to the Shoals.
 16295 | Lair:4   | Gained mutation: Your large and strong wings let you fly
                  | indefinitely. [Gargoyle growth]
 16295 | Lair:4   | Reached XP level 14. HP: 88/98 MP: 14/14
 16552 | Lair:4   | Identified the +3 ring mail "Muzijil" {Regen+}
 16558 | Lair:4   | Reached ****** piety under Ashenzari
 16797 | Lair:4   | Found a frozen archway.
 16806 | IceCv    | Entered an ice cave
 17042 | IceCv    | Reached skill level 16 in Fighting
 17424 | IceCv    | Identified the ring "Jophuahe" {rElec MR+ Slay+3 SInv}
 17425 | IceCv    | Identified the amulet of Ylovyri {RegenMP rC+}
 17426 | IceCv    | Identified the cursed ring of Koiwn {rElec rC+ MR+ Str-2
                  | Int-4}
 18916 | Lair:6   | Entered Level 6 of the Lair of Beasts
 19115 | Lair:6   | Noticed a dire elephant
 19115 | Lair:6   | Noticed a dire elephant
 19123 | Lair:6   | Killed a dire elephant
 19135 | Lair:6   | Killed a dire elephant
 19313 | Lair:6   | Noticed a dire elephant
 19316 | Lair:6   | Noticed a dire elephant
 19328 | Lair:6   | Killed a dire elephant
 19348 | Lair:6   | Killed a dire elephant
 19369 | Lair:6   | Noticed a dire elephant
 19379 | Lair:6   | Noticed a dire elephant
 19384 | Lair:6   | Killed a dire elephant
 19400 | Lair:6   | Killed a dire elephant
 19400 | Lair:6   | Reached XP level 15. HP: 71/106 MP: 15/15
 19634 | Lair:6   | Reached skill level 17 in Fighting
 20041 | Lair:6   | Found a staircase to the Slime Pits.
 20459 | Swamp:1  | Entered Level 1 of the Swamp
 20642 | Swamp:2  | Noticed Frances
 20789 | Swamp:2  | Killed Frances
 21163 | Swamp:1  | Reached skill level 15 in Armour
 22969 | Swamp:4  | Entered Level 4 of the Swamp
 23077 | Swamp:4  | Noticed Mara
 23091 | Swamp:4  | Noticed Queen's illusion
 23114 | Swamp:3  | Reached skill level 18 in Fighting
 23365 | Swamp:4  | Noticed Queen's illusion
 23651 | Swamp:4  | Noticed Queen's illusion
 23659 | Swamp:4  | Killed Mara
 23659 | Swamp:4  | Reached XP level 16. HP: 100/116 MP: 16/16
 24229 | Swamp:4  | Reached skill level 19 in Fighting
 24241 | Swamp:4  | Noticed a tentacled monstrosity
 24512 | Swamp:4  | Killed a tentacled monstrosity
 25297 | Swamp:4  | Got a decaying rune of Zot
 25627 | Orc:1    | Entered Level 1 of the Orcish Mines
 25881 | Orc:1    | Found Vivvyiz's Assorted Antiques.
 26051 | Orc:1    | Bought a runed hat for 217 gold pieces
 26072 | Orc:2    | Entered Level 2 of the Orcish Mines
 26072 | Orc:2    | Found a staircase to the Elven Halls.
 26072 | Orc:2    | Found a roughly hewn altar of Beogh.
 26075 | Orc:2    | Noticed Rupert
 26094 | Orc:2    | Killed Rupert
 26096 | Orc:2    | Noticed Sonja
 26593 | Orc:2    | Killed Sonja
 26889 | Orc:2    | Found a roughly hewn altar of Beogh.
 26980 | Orc:2    | Found a roughly hewn altar of Beogh.
 27177 | Orc:2    | Found a roughly hewn altar of Beogh.
 27319 | Orc:2    | Found a roughly hewn altar of Beogh.
 27907 | Orc:2    | Found Ogeplum's Antique Armour Emporium.
 27907 | Orc:2    | Found a roughly hewn altar of Beogh.
 27909 | Orc:2    | Found Tyixaibb's Antique Weapon Shoppe.
 27940 | Orc:2    | Bought gold dragon scales for 2320 gold pieces
 28031 | Orc:2    | Reached skill level 20 in Fighting
 28038 | Orc:2    | Found a roughly hewn altar of Beogh.
 28054 | Orc:2    | Found Peon's Antique Weapon Boutique.
 28191 | Orc:2    | Reached XP level 17. HP: 117/124 MP: 17/17
 28228 | Orc:2    | Found Saocs's Armour Boutique.
 28440 | Shoals:1 | Entered Level 1 of the Shoals
 29766 | Shoals:3 | Noticed Ilsuiw
 29833 | Shoals:3 | Killed Ilsuiw
 31115 | Shoals:4 | Entered Level 4 of the Shoals
 31133 | Shoals:4 | Reached skill level 21 in Fighting
 31135 | Shoals:4 | Found Baadami's Bounteous Boutique.
 31324 | Shoals:4 | Noticed a kraken
 31760 | Shoals:4 | Noticed a kraken
 31792 | Shoals:4 | Killed a kraken
 32111 | Shoals:4 | Noticed Aizul
 32135 | Shoals:4 | Killed Aizul
 32388 | Shoals:4 | Reached XP level 18. HP: 105/133 MP: 18/18
 32406 | Shoals:4 | Got a barnacled rune of Zot
 32704 | Shoals:4 | Found the amulet of the Four Winds {rN+ MR+++ Clar}
 33194 | Shoals:4 | Reached skill level 15 in Maces & Flails
 33435 | Shoals:4 | Reached skill level 22 in Fighting
 34068 | Elf:1    | Entered Level 1 of the Elven Halls
 34855 | Elf:1    | Found Losoteh's Jewellery Shop.
 35059 | Elf:1    | Identified Vehumet's Compendium of Combat Magic
 35895 | Elf:2    | Found Ablobb's Jewellery Shop.
 35959 | Elf:2    | Found Matom Ask's Assorted Antiques.
 35965 | Elf:2    | Reached skill level 23 in Fighting
 35966 | Elf:2    | Found Huuph's Gadget Emporium.
 36023 | Elf:2    | Found Quwoakhli's Armour Shop.
 36310 | Elf:2    | Noticed a deep elf blademaster
 36340 | Elf:2    | Killed a deep elf blademaster
 36340 | Elf:2    | Reached XP level 19. HP: 75/142 MP: 19/19
 36607 | Elf:2    | Found a huge runed translucent gate.
 36607 | Elf:2    | Found a huge runed translucent gate.
 36607 | Elf:2    | Found a huge runed translucent gate.
 36608 | Elf:2    | Found a huge runed translucent gate.
 36609 | Elf:2    | Found a huge runed translucent gate.
 37096 | Elf:3    | Entered Level 3 of the Elven Halls
 37204 | Elf:3    | Noticed Nikola
 37230 | Elf:3    | Killed Nikola
 37658 | Elf:3    | Noticed an Ice Fiend
 37660 | Elf:3    | Noticed an Ice Fiend
 38010 | Elf:3    | Reached skill level 24 in Fighting
 38565 | Elf:3    | Noticed a Hell Sentinel
 38604 | Elf:3    | Identified the +3 broad axe of Deantor {freeze, +Fly rElec}
 38604 | Elf:3    | Identified the cursed +1 robe of the Catfish {*Contam
                  | Rampage rElec MR++}
 39621 | Elf:3    | Reached skill level 25 in Fighting
 39636 | Elf:3    | Reached XP level 20. HP: 137/152 MP: 20/20
 39897 | Elf:3    | Identified the Grimoire of Stolen Souls and Transformation
 39903 | Elf:3    | Identified Sif Muna's Tome of Dark Hexes
 39964 | Elf:3    | Identified the Tome of Glacial Creation
 40972 | D:13     | Noticed Urug
 40976 | D:13     | Killed Urug
 41314 | D:14     | Noticed Qeteel's ghost (journeyman DrTm)
 41315 | D:14     | Identified the cursed -2 helmet of the Arcane {Regen+
                  | Dex+7}
 41315 | D:14     | Found a transporter.
 41315 | D:14     | Identified the +3 great mace "Qesalose" {flame, Int+4
                  | Dex+8}
 41316 | D:14     | Found a transporter.
 42231 | D:14     | Found a gate to the Vaults.
 42287 | D:15     | Entered Level 15 of the Dungeon
 42315 | D:15     | Identified the ring "Dipisu" {*Tele +Inv Str-3 Int+2}
 42387 | D:15     | Paralysed by a floating eye for 4 turns
 42402 | D:15     | Found Mirchiog's Magic Scroll Boutique.
 42471 | D:15     | Identified the ring of Pempuoku {*Drain rElec rN+ MR+
                  | Slay+6}
 42543 | D:15     | Found Qitzapn's Jewellery Shop.
 42591 | D:15     | Paralysed by a floating eye for 2 turns
 42607 | D:15     | Noticed Kirke
 42608 | D:15     | Identified the ring "Xewu Wap" {+Blink MR+ Dex+6}
 42634 | D:15     | Killed Kirke
 42677 | D:15     | Found Fec Qyxi's Weapon Shop.
 42742 | D:15     | Identified the +0 leather armour of Wepnuuz {rF+ Int-5
                  | Dex+2}
 42742 | D:15     | Identified the amulet "Sisyemac" {Spirit rF+ Dex+4}
 42789 | D:15     | Found a transporter.
 42848 | D:15     | Found a transporter.
 43048 | D:15     | Found a staircase to the Depths.
 43214 | Depths:1 | Entered Level 1 of the Depths
 43251 | Depths:1 | Found a magical portal.
 43256 | WizLab   | Entered The Hall of the Hellbinder
 43270 | WizLab   | Noticed Biytzivven
 43273 | WizLab   | Noticed a Tzitzimitl
 43274 | WizLab   | Identified the Almanac of the Escort
 43277 | WizLab   | Noticed a Brimstone Fiend
 43281 | WizLab   | Reached skill level 26 in Fighting
 43290 | WizLab   | Killed Biytzivven the Hellbinder
 43562 | WizLab   | Gained mutation: You are frail. (-10% HP) [a neqoxec]
 43568 | WizLab   | Identified the +2 cloak "Omenaedame" {*Drain rPois rF-
                  | rN+++ SInv}
 43568 | WizLab   | Identified the ring "Taxetuil" {rC+ Str+3 Int-4 Stlth-}
 43721 | WizLab   | Killed from afar by a hellion

Illustrated notes

Levels and vault maps discovered:
D:1:      minmay_arrival_solitary_statue, layout_basic
D:2:      layout_rooms
D:3:      lemuel_upstairs_altar, layout_rooms, cheibrodos_ashenzari_chains,
          zin_academy
D:4:      layout_loops_corners, overflow_temple_1_default,
          gammafunk_temple_overflow_forgotten, minmay_misc_feat_alley,
          kennysheep_dice, uniq_natasha, uniq_eustachio
D:5:      layout_loops_ring, regret_index_temple_of_mockery,
          nicolae_qazlal_style_of_elements, uniq_ijyb
D:6:      layout_basic, serial_glass, glass_columns_c, glass_columns_b,
          glass_columns_a, glass_columns_a, minmay_strange_pillars,
          due_unseen_surprise, item_on_display_a, serial_shops, shop, shop,
          interstate_on_off
D:7:      layout_rooms, old_standard_altar, minmay_temple_entry_overgrown,
          grunt_decor_cap, tso_altar
D:8:      layout_loops_corners, uniq_maurice
D:9:      layout_long_grid, erik_orc_4, uniq_joseph, uniq_erica, uniq_psyche
D:10:     layout_grid_maze, dpeg_lair_monsters
D:11:     layout_irregular_city
D:12:     minmay_octagon_keep, layout_basic, enter_trove_2, nrook_mini_vaults
D:13:     layout_roguey, kennysheep_generic_room_4, uniq_urug
D:14:     layout_basic, erik_vaults_1, gammafunk_ghost_smash,
          minmay_misc_feat_columns, minmay_increasing_density
D:15:     hangedman_spin_cycle, serial_shops
Lair:1:   layout_chaotic_city
Lair:2:   layout_roguey, special_room [special_room_bee], lemuel_fruit_fields
Lair:3:   layout_misc_corridors, minmay_swamp_entry_wisps,
          elwin_shoals_entry_stream, infiniplex_staircase_pool_2,
          grunt_megastairs_3
Lair:4:   beast_lair_carwin_large_4, layout_hall_layers, portal_ice_cave_rime
Lair:5:   layout_layer_cave
Lair:6:   due_jungle_book, layout_cave_pods, minmay_slime_entry_oklob_open
Swamp:1:  layout_falls_marsh, hangedman_swamp_ruin_wall, hangedman_swamp_diagram
Swamp:2:  layout_basic_swamp, evilmike_swamp_ruin_house_6, swamp_pool5,
          ldierk_geyser, worms_lemuel, uniq_frances, uniq_kirke
Swamp:3:  layout_falls_marsh, evilmike_swamp_ruin_house_1
Swamp:4:  swamp_vile, layout_basic_swamp, uniq_mara
Shoals:1: layout_shoals
Shoals:2: layout_shoals, nicolae_shoals_circle_sea_wall
Shoals:3: layout_shoals, uniq_ilsuiw
Shoals:4: shoals_end_simple, layout_shoals, nicolae_shoals_cliffside_cave,
          nicolae_alphabet_shops, uniq_aizul
Orc:1:    layout_caves, serial_shops, nicolae_shop_trees, nicolae_orc_rockfall
Orc:2:    grunt_orc_community_town_hall, layout_caves,
          grunt_orc_community_big_house_2, grunt_orc_community_big_house_2,
          grunt_orc_community_house_2, grunt_orc_community_house_3,
          grunt_orc_community_house_2, grunt_orc_community_house_2, basic_altar,
          nicolae_orc_pool_cavern, uniq_rupert, uniq_sonja
Elf:1:    layout_onion_city, serial_shops, shop, minmay_elf_annihilation,
          onia_ninara_cookie
Elf:2:    layout_geoelf_diagonals, serial_shops, shop_coins, nicolae_shop_stone,
          shop, nicolae_shop_stone
Elf:3:    grunt_elf_hall_branching, layout_loops_corners, uniq_nikola
Depths:1: layout_roguey, infiniplex_enter_wizlab_spiral, rand_demon_pan_entry_5,
          minmay_misc_feat_x, hangedman_coc_ice_floe,
          chequers_serial_rivers_micro_b, grunt_decor_mini_mirrors,
          horrible_house_mu
WizLab:   wizlab_demon

Skill      XL: |  1  2  3  4  5  6  7  8  9 10 11 12 13 14 15 16 17 18 19 20 |
---------------+-------------------------------------------------------------+-----
Shields        | 4 6 8 9 10 12 | 12.3
Maces & Flails | 3 4 5 6 8 9 10 11 12 13 14 15 16 17 | 17.2
Fighting       | 4 5 6 8 10 12 13 15 16 18 20 21 23 25 26 | 26.1
Armour         | 4 5 6 8 9 10 11 12 13 16 | 16.1

Action                   |  1- 3 |  4- 6 |  7- 9 | 10-12 | 13-15 | 16-18 | 19-21 || total
-------------------------+-------+-------+-------+-------+-------+-------+-------++-------
Melee: Flail             |    58 |       |       |       |       |       |       ||    58
       Whip              |    91 |   208 |   670 |   497 |       |       |       ||  1466
       Morningstar       |       |       |       |   339 |  1282 |  1542 |   911 ||  4074
Invok: Curse Item        |       |       |     6 |     2 |     1 |     3 |       ||    12
 Abil: Fly               |       |       |       |       |     2 |     3 |     1 ||     6
       Stop Flying       |       |       |       |       |     1 |     4 |       ||     5
  Use: Scroll            |       |       |     8 |    16 |    14 |     7 |     9 ||    54
       Potion            |       |       |     1 |     2 |     2 |     4 |     6 ||    15
 Stab: Distracted        |       |       |       |       |     1 |       |       ||     1
Armor: Scale mail        |    87 |     2 |       |       |       |       |       ||    89
       Chain mail        |       |   129 |   271 |   315 |   608 |   318 |       ||  1641
       Gold dragon scale |       |       |       |       |       |  1006 |   511 ||  1517
Dodge: Dodged            |    40 |    45 |    69 |   145 |   281 |   480 |   149 ||  1209
       Repelled          |       |     1 |     1 |       |     9 |    15 |     9 ||    35
Block: Kite shield       |    87 |   125 |   218 |   298 |   743 |  1234 |   466 ||  3171

Table legend: (Time is in decaauts)
 A = Elapsed time spent in this place.
 B = Non-inter-level travel time spent in this place.
 C = Inter-level travel time spent in this place.
 D = Time resting spent in this place.
 E = Time spent auto-exploring this place.
 F = Levels seen in this place.
 G = Mean time per level.
                   A        B        C        D        E       F      G
               +--------+--------+--------+--------+--------+-----+--------+
         Total |  42470 |  40177 |   2293 |  12173 |  17882 |  37 | 1147.8 |
       Dungeon |  16209 |  15109 |   1100 |   3158 |   7909 |  15 | 1080.6 |
          Lair |   6196 |   5746 |    450 |   1008 |   3462 |   6 | 1032.7 |
         Swamp |   4869 |   4624 |    245 |   2229 |   1162 |   4 | 1217.2 |
        Shoals |   5414 |   5262 |    152 |   1789 |   2431 |   4 | 1353.5 |
  Orcish Mines |   2628 |   2450 |    178 |    963 |    830 |   2 | 1314.0 |
   Elven Halls |   5942 |   5777 |    165 |   2478 |   1862 |   3 | 1980.7 |
        Depths |     40 |     40 |      0 |      0 |      0 |   1 |   40.0 |
      Ice Cave |    727 |    727 |      0 |    217 |    226 |   1 |  727.0 |
        Wizlab |    444 |    444 |      0 |    331 |      0 |   1 |  444.0 |
               +--------+--------+--------+--------+--------+-----+--------+

Top non-repeatable levels by time:
    D:10: 3139 daAuts
   Elf:3: 2655 daAuts
Shoals:4: 2578 daAuts
 Swamp:3: 2358 daAuts
   Elf:2: 1906 daAuts
     D:8: 1590 daAuts
Shoals:3: 1522 daAuts
  Lair:6: 1463 daAuts
   Orc:2: 1434 daAuts
   Elf:1: 1380 daAuts
  Lair:3: 1220 daAuts
     D:4: 1198 daAuts
   Orc:1: 1193 daAuts
     D:9: 1146 daAuts
     D:5: 1084 daAuts
